 Dungeon Crawl Stone Soup version 0.20-a0-622-g01f5896 (webtiles) character file.

16676 Alarkh the Carver (level 12, -10/94 HPs)
             Began as a Mummy Necromancer on Feb 9, 2017.
             Was a High Priest of Okawaru.
             Mangled by a spiny frog (16 damage)
             ... on level 4 of the Lair of Beasts.
             The game lasted 00:24:22 (11382 turns).

Alarkh the Carver (Mummy Necromancer)              Turns: 11382, Time: 00:24:23

Health: -10/94     AC:  6    Str: 11    XL:     12   Next: 12%
Magic:  1/22       EV: 16    Int: 18    God:    Okawaru [*****.]
Gold:   336        SH:  5    Dex: 14    Spells: 13/25 levels left

rFire    + . .     SeeInvis .   a - +3 scimitar (flame)
rCold    + . .     Gourm    .   l - +0 robe
rNeg     + + +     Faith    .   d - +2 buckler
rPois    ∞         Spirit   .   t - +0 helmet (curse)
rElec    .         Reflect  .   k - scarf {rC+}
rCorr    .         Harm     .   o - +2 pair of gloves
MR       +....                  (no boots)
Stlth    ++........             r - amulet of regeneration
Regen    0.7/turn               h - ring of protection from fire
                                p - ring of fire

@: no status effects
A: no food or potions, fire vulnerability, cold resistance 1, negative energy
resistance 3, torment resistance, unbreathing
a: Heroism, Finesse, Renounce Religion


You were on level 4 of the Lair of Beasts.
You worshipped Okawaru.
Okawaru was extremely pleased with you.
You were not hungry.

You visited 3 branches of the dungeon, and saw 14 of its levels.
You also visited: Ossuary.

You collected 621 gold pieces.
You spent 285 gold pieces at shops.

Inventory:

Hand Weapons
 a - a +3 scimitar of flaming (weapon)
 b - a +4 great sword of draining
 i - a +1 whip of electrocution
 w - the +4 rapier "Syqehujoxt" {freeze, rElec rPois}
   (You found it on level 4 of the Lair of Beasts)

   It has been specially enchanted to freeze those struck by it, causing extra
   injury to most foes and up to half again as much damage against particularly
   susceptible opponents.
   It can also slow down cold-blooded creatures.
   It insulates you from electricity.
   It protects you from poison.
Armour
 d - a +2 buckler (worn)
 k - a scarf of cold resistance (worn)
 l - a +0 robe (worn)
 o - a +2 pair of gloves (worn)
 t - a cursed +0 helmet (worn)
Jewellery
 h - a ring of protection from fire (right hand)
 m - an uncursed ring of flight
 p - a ring of fire (left hand)
 r - an amulet of regeneration (around neck)
Wands
 u - a wand of lightning (1/15)
Scrolls
 c - 2 scrolls of fog
 e - a scroll of identify
 f - 7 scrolls of immolation
 g - 4 scrolls of remove curse
 j - 7 scrolls of random uselessness
 n - a scroll of magic mapping
 q - 4 scrolls of enchant armour {unknown}
 s - 5 scrolls of blinking {unknown}
 y - 5 scrolls of teleportation
 z - 2 scrolls of fear
 B - a scroll of amnesia
Books
 v - a book of Conjurations

   Spells                             Type                      Level
   a - Magic Dart                     Conjuration                  1
   b - Searing Ray                    Conjuration                  2
   c - Dazzling Spray                 Conjuration/Hexes            3
   d - Fulminant Prism                Conjuration/Hexes            4
   e - Force Lance                    Conjuration/Translocation    4
   f - Iskenderun's Mystic Blast      Conjuration                  4
 E - a book of Necromancy

   Spells                             Type                      Level
   a - Pain                           Necromancy                   1
   b - Animate Skeleton               Necromancy                   1
   c - Vampiric Draining              Necromancy                   3
   d - Regeneration                   Charms/Necromancy            3
   e - Animate Dead                   Necromancy                   4
   f - Control Undead                 Necromancy                   4
Miscellaneous
 x - a lightning rod (4/4)


   Skills:
 - Level 8.9 Fighting
 + Level 11.3 Long Blades
 - Level 7.8 Dodging
 - Level 1.5 Stealth
 - Level 7.2 Spellcasting
 - Level 6.3 Necromancy


You had 13 spell levels left.
You knew the following spells:

 Your Spells              Type           Power        Failure   Level  Hunger
a - Vampiric Draining     Necr           ####......   4%          3    N/A
b - Animate Dead          Necr           N/A          14%         4    N/A
c - Control Undead        Necr           ####......   14%         4    N/A
e - Pain                  Necr           ####         1%          1    N/A

Dungeon Overview and Level Annotations

Branches:
Dungeon (9/15)             Temple (1/1) D:6            Lair (4/6) D:8
 Shoals (0/4) Lair:4       Spider (0/4) Lair:4
    Orc: D:9-12

Altars:
Ashenzari
Cheibriados
Dithmenos
Elyvilon
Fedhas
Gozag
Hepliaklqana
Kikubaaqudgha
Makhleb
Nemelex Xobeh
Okawaru
Qazlal
Ru
Sif Muna
Trog
Uskayaw
Vehumet
Xom
Yredelemnul
Zin
The Shining One
Jiyva

Shops:
D:8 **(


Innate Abilities, Weirdness & Mutations

You do not eat or drink.
Your flesh is vulnerable to fire.
You are immune to poison.
Your flesh is cold resistant. (rC+)
You are immune to negative energy. (rN+++)
You are immune to unholy pain and torment.
You can survive without breathing.


Message History

You slash the spiny frog! You burn the spiny frog.
The spiny frog is heavily wounded.
The spiny frog stings you!
* * * LOW HITPOINT WARNING * * *
You closely miss the spiny frog.
The spiny frog is heavily wounded.
You slash the spiny frog! You burn the spiny frog.
The spiny frog is severely wounded.
You feel like a meek peon again. The spiny frog closely misses you.
You hit the spiny frog. You burn the spiny frog.
The spiny frog is almost dead.
The spiny frog stings you!!
* * * LOW HITPOINT WARNING * * *
Evoke which item? (* to show all) (? for menu, Esc to quit)
Okay, then.
You hit the spiny frog but do no damage.
The spiny frog is almost dead.
The spiny frog stings you!
You die...

........................
.......................
###...................
##..#.#...#P#.......
#...##....####....#
##..........##.<.##
#...#......#.....#
#...#.......F...#
#.........$.#@..#
#...........##...#
#.#..##.....###...#
..... #.##### ...... ...
.... ....... ## .##
###..#### ###


You could see a spiny frog.

Vanquished Creatures
  2 hydras (Lair:2)
  A two-headed ogre (D:8)
  Erica (Lair:2)
  Sonja (Lair:3)
  A black mamba (Lair:2)
  4 spiny frogs
  Joseph (D:7)
  A rime drake (Lair:3)
  3 komodo dragons
  A jumping spider (Lair:4)
  The ghost of Shenda the Skirmisher, an amateur DsAK of Lugonu (D:3)
  Prince Ribbit (D:7)
  Grinder (D:6)
  4 dream sheep (Lair:4)
  3 hippogriffs
  Sigmund (D:2)
  3 redbacks (Lair:4)
  A hog (D:8)
  6 yaks
  A hungry ghost (D:6)
  A steam dragon (Lair:4)
  6 water moccasins
  Duvessa (D:7)
  8 porcupines
  An orc warrior (D:8)
  4 ice beasts
  2 sky beasts (D:6)
  2 black bears
  A wolf (Lair:1)
  6 ogres
  A centaur (D:9)
  A crocodile (Lair:1)
  A wyvern zombie (D:7)
  16 bullfrogs
  A gnoll sergeant (D:9)
  A wyvern skeleton (D:6)
  A scorpion (D:8)
  Dowan (D:7)
  10 killer bees
  3 wights
  4 howler monkeys
  An electric eel (Lair:3)
  5 crimson imps
  2 centaur zombies
  4 hounds
  2 human zombies (Ossuary)
  2 orc priests
  4 orc wizards
  A jelly (D:5)
  A bullfrog skeleton (D:7)
  3 centaur skeletons
  3 iguanas
  9 worker ants
  A hound zombie (D:8)
  4 mummies (Ossuary)
  2 worker ant zombies (D:6)
  3 hound skeletons (D:8)
  4 gnolls
  7 adders
  A shadow imp (D:5)
  An ooze (D:2)
  2 adder skeletons
  6 worms
  9 leopard geckos
  29 orcs
  5 ball pythons
  11 bats
  5 giant cockroaches
  A gnoll zombie (Ossuary)
  7 hobgoblins
  16 jackals
  3 quokkas
  3 frilled lizards
  3 goblins
  2 goblin zombies (Ossuary)
  14 kobolds
  A kobold zombie (Ossuary)
  A leopard gecko zombie (D:5)
  An orc zombie (Ossuary)
  A quokka skeleton (D:4)
  9 rats
299 creatures vanquished.

Vanquished Creatures (others)
  A quokka (D:8)
  10 plants
11 creatures vanquished.

Grand Total: 310 creatures vanquished

Notes
Turn   | Place    | Note
-------+----------+-------------------------------------------
     0 | D:1      | Alarkh the Mummy Necromancer began the quest for the Orb.
     0 | D:1      | Reached XP level 1. HP: 13/13 MP: 4/4
     2 | D:1      | Noticed a draconian
     2 | D:1      | Noticed a vampire
     4 | D:1      | Noticed a merfolk
     4 | D:1      | Noticed a felid
     6 | D:1      | Noticed a halfling
     6 | D:1      | Noticed a ghoul
     8 | D:1      | Noticed a gargoyle
    10 | D:1      | Noticed a minotaur
    10 | D:1      | Noticed a spriggan
    12 | D:1      | Noticed a human
    12 | D:1      | Noticed a formicid
    14 | D:1      | Noticed a vine stalker
    14 | D:1      | Noticed a naga
    16 | D:1      | Noticed an ogre
    18 | D:1      | Noticed a centaur
    18 | D:1      | Noticed a dwarf
    20 | D:1      | Noticed an octopode
    22 | D:1      | Noticed an elf
    24 | D:1      | Noticed a demigod
    24 | D:1      | Noticed a demonspawn
    26 | D:1      | Noticed a tengu
    26 | D:1      | Noticed a troll
   329 | D:1      | Reached XP level 2. HP: 14/19 MP: 0/6
  1389 | D:2      | Reached XP level 3. HP: 24/24 MP: 3/8
  1396 | D:2      | Learned a level 3 spell: Vampiric Draining
  1509 | D:2      | Found an ancient bone altar of Kikubaaqudgha.
  1601 | D:2      | Reached XP level 4. HP: 28/30 MP: 0/10
  1787 | D:2      | Noticed Sigmund
  1810 | D:2      | Killed Sigmund
  1810 | D:2      | Reached skill level 5 in Spellcasting
  1810 | D:2      | Reached skill level 5 in Necromancy
  1810 | D:2      | Reached XP level 5. HP: 35/35 MP: 8/13
  2004 | D:3      | Noticed Shenda's ghost (amateur DsAK)
  2254 | D:3      | Reached XP level 6. HP: 30/41 MP: 15/15
  2381 | D:3      | Found a shattered altar of Ashenzari.
  3045 | D:3      | Learned a level 4 spell: Animate Dead
  3050 | D:3      | Learned a level 4 spell: Control Undead
  3397 | D:4      | Reached XP level 7. HP: 46/46 MP: 12/17
  3536 | D:4      | Reached skill level 1 in Fighting
  3586 | D:4      | Found a hide-covered altar of Uskayaw.
  4111 | D:3      | Killed Shenda's ghost
  4380 | D:5      | Entered Level 5 of the Dungeon
  4494 | D:5      | Reached XP level 8. HP: 56/60 MP: 13/18
  4614 | D:5      | Found a deep blue altar of Sif Muna.
  4617 | D:5      | Found a glowing silver altar of Zin.
  4618 | D:5      | Found a shimmering altar of Xom.
  4619 | D:5      | Found a bloodstained altar of Trog.
  4620 | D:5      | Found a stormy altar of Qazlal.
  4641 | D:5      | Found a sand-covered staircase.
  4650 | Ossuary  | Entered an ossuary
  5354 | D:6      | Found a staircase to the Ecumenical Temple.
  5367 | D:6      | Reached skill level 5 in Fighting
  5559 | D:7      | Noticed Prince Ribbit
  5621 | D:6      | Reached skill level 5 in Dodging
  5904 | D:6      | Reached XP level 9. HP: 63/70 MP: 12/19
  5923 | D:6      | Noticed Grinder
  6030 | Temple   | Entered the Ecumenical Temple
  6120 | Temple   | Became a worshipper of Warmaster Okawaru
  6393 | D:7      | Reached * piety under Okawaru
  6402 | D:7      | Killed Prince Ribbit
  6509 | D:7      | Noticed Joseph
  6521 | D:7      | Killed Joseph
  6545 | D:7      | Noticed Duvessa
  6545 | D:7      | Noticed Dowan
  6720 | D:7      | Killed Dowan
  6744 | D:7      | Killed Duvessa
  7484 | D:6      | Paralysed by Grinder for 2 turns
  7487 | D:6      | Killed Grinder
  7487 | D:6      | Reached ** piety under Okawaru
  7553 | D:8      | Reached XP level 10. HP: 82/82 MP: 20/20
  7561 | D:8      | Found a radiant altar of Vehumet.
  7588 | D:8      | Found a staircase to the Lair.
  7680 | D:8      | Found a white marble altar of Elyvilon.
  7932 | D:8      | Reached skill level 1 in Long Blades
  7958 | D:8      | Found Iluaj's Assorted Antiques.
  7960 | D:8      | Noticed a two-headed ogre
  8022 | D:8      | Killed a two-headed ogre
  8022 | D:8      | Reached *** piety under Okawaru
  8022 | D:8      | Reached skill level 3 in Long Blades
  8136 | D:8      | Bought a sharpened bone wand for 116 gold pieces
  8156 | D:8      | Found Tatwohom's Assorted Antiques.
  8339 | D:8      | Found Erytrean's Antique Weapon Shop.
  8342 | D:8      | Bought a great sword for 169 gold pieces
  8494 | D:8      | Reached skill level 4 in Long Blades
  8705 | D:9      | Reached skill level 5 in Long Blades
  8758 | D:9      | Reached **** piety under Okawaru
  8829 | D:9      | Reached skill level 6 in Long Blades
  9037 | Lair:1   | Entered Level 1 of the Lair of Beasts
  9048 | Lair:1   | Noticed a spiny frog
  9110 | Lair:1   | Killed a spiny frog
  9110 | Lair:1   | Reached skill level 7 in Long Blades
  9110 | Lair:1   | Reached XP level 11. HP: 67/87 MP: 14/21
  9452 | Lair:1   | Found a blossoming altar of Fedhas.
  9482 | Lair:1   | Reached skill level 8 in Long Blades
 10084 | Lair:2   | Reached ***** piety under Okawaru
 10168 | Lair:2   | Noticed Erica
 10179 | Lair:2   | Killed Erica
 10179 | Lair:2   | Reached skill level 9 in Long Blades
 10229 | Lair:2   | Noticed a seven-headed hydra
 10278 | Lair:2   | Killed a two-headed hydra
 10448 | Lair:2   | Noticed a seven-headed hydra
 10456 | Lair:2   | Killed a two-headed hydra
 10456 | Lair:2   | Reached skill level 10 in Long Blades
 10758 | Lair:3   | Received a gift from Okawaru
 10874 | Lair:3   | Noticed Sonja
 10888 | Lair:3   | Killed Sonja
 11189 | Lair:4   | Got a blackened rapier
 11193 | Lair:4   | Identified the +4 rapier "Syqehujoxt" {freeze, rElec rPois} (You found it on level 4 of the Lair of Beasts)
 11226 | Lair:4   | Found a staircase to the Shoals.
 11268 | Lair:4   | Reached skill level 11 in Long Blades
 11268 | Lair:4   | Reached XP level 12. HP: 67/94 MP: 6/22
 11326 | Lair:4   | Found a hole to the Spider Nest.
 11382 | Lair:4   | Mangled by a spiny frog

Vault maps used:
D:1:      kb_arrival_jail
D:2:      kiku_gazebo_garden_becter, uniq_sigmund
D:3:      cheibrodos_ashenzari_chains
D:4:      eat_drink_and_be_merry_uskayaw, first_bread
D:5:      grunt_temple_overflow_open, chequers_ossuary_entry_cave,
          hangedman_decor_peaks_small
D:6:      minmay_temple_entry_from_below_b, uniq_grinder
D:7:      uniq_duvessa, uniq_prince_ribbit1, uniq_joseph
D:8:      vehumet_crystals, elyvilon_altar_4, serial_shops,
          nicolae_shop_behind_doors, kennysheep_mini_moat, shop
D:9:      kennysheep_town
Temple:   pf_slimified_temple
Lair:1:   basic_altar, st_stairs_3, beast_lair_carwin_7
Lair:2:   serial_bayou_shore_b, serial_bayou_shore_b, uniq_erica
Lair:3:   serial_bayou_shore_b, serial_bayou_shore_a, uniq_sonja
Lair:4:   elwin_shoals_entry_rocks, nicolae_spider_entry_tight_spaces,
          portal_ice_cave_entry_ice_beasts, minmay_stone_trees_medium,
          serial_bayou_pond_e, eino_small_chamber_without_monster,
          grunt_megastairs_3, minmay_lair_oklob_chamber
Ossuary:  ossuary_crypta

Skill      XL: |  1  2  3  4  5  6  7  8  9 10 11 |
---------------+----------------------------------+-----
Spellcasting   | 3 4 5 6 7 |  7.2
Necromancy     | 5 6 |  6.3
Fighting       | 3 6 8 |  8.9
Dodging        | 3 5 7 |  7.8
Long Blades    | 7 11 | 11.3
Stealth        | |  1.5

Action                   |  1- 3 |  4- 6 |  7- 9 | 10-12 || total
-------------------------+-------+-------+-------+-------++-------
Melee: Unarmed           |    22 |       |       |       ||    22
       Whip              |     4 |   100 |   472 |   317 ||   893
       Falchion          |       |       |       |    24 ||    24
       Scimitar          |       |       |       |    87 ||    87
       Great sword       |       |       |       |    30 ||    30
 Cast: Pain              |    81 |    39 |    40 |    15 ||   175
       Vampiric Draining |       |    10 |    34 |    90 ||   134
Invok: Heroism           |       |       |       |     7 ||     7
Evoke: Wand              |       |       |       |     1 ||     1
  Use: Scroll            |     3 |     1 |     6 |     7 ||    17
 Stab: Sleeping          |       |       |     6 |     6 ||    12
       Distracted        |       |       |     1 |       ||     1
Armor: Robe              |    15 |    34 |   132 |   150 ||   331
Dodge: Dodged            |    41 |    81 |   356 |   574 ||  1052
Block: Buckler           |       |       |       |    29 ||    29
       Rpst.: Falchion   |       |       |       |    10 ||    10
       Scimitar          |       |       |       |    16 ||    16
       Great sword       |       |       |       |     8 ||     8
